 Dungeon Crawl Stone Soup version 0.31-a0-18-gea43df2a32 (webtiles) character file.

Game seed: 11795600060540038185

298 Dittersdorf the Covered (level 6, 0/39 HPs)
             Began as a Gargoyle Fighter on May 9, 2023.
             Slain by a scorpion (6 damage)
             ... on level 4 of the Dungeon.
             The game lasted 00:03:01 (2753 turns).

Dittersdorf the Covered (Gargoyle Fighter)          Turns: 2753, Time: 00:03:02

Health: 0/39       AC: 11    Str: 21    XL:     6   Next: 35%
Magic:  6/6        EV:  9    Int:  9    God:
Gold:   147        SH:  4    Dex:  9    Spells: 5/5 levels left

rFire   . . .        a - +0 flail
rCold   . . .        c - +0 buckler
rNeg    + + .        b - +0 scale mail
rPois   ∞            (no helmet)
rElec   +            (no cloak)
rCorr   .            (no gloves)
SInv    .            (no boots)
Will    .....        (no amulet) Stlth
                     f - ring of positive energy
HPRegen 0.26/turn    (no ring)
MPRegen 0.10/turn

%: no passive effects
@: no status effects
A: sickness immunity, AC +4, negative energy resistance 1, electricity
resistance, torment resistance 1, petrification resistance
a: no special abilities


You were on level 4 of the Dungeon.
You visited 1 branch of the dungeon, and saw 4 of its levels.

You collected 147 gold pieces.

Inventory:

Hand Weapons
 a - a +0 flail (weapon)
Missiles
 q - 4 poisoned darts (quivered)
Armour
 b - a +0 scale mail (worn)
 c - a +0 buckler (worn)
Jewellery
 f - a ring of positive energy (left hand)
Wands
 m - a wand of digging (6)
Scrolls
 i - a scroll of fear
 k - a scroll of blinking {unknown}
 o - a scroll of summoning {unknown}
 p - a scroll of teleportation {unknown}
Potions
 d - 2 potions of might
 e - 5 potions of curing {unknown}
 h - 2 potions of heal wounds {unknown}
 l - 3 potions of flight {unknown}
 n - 2 potions of magic {unknown}


   Skills:
 + Level 4.7 Fighting
 + Level 3.6 Maces & Flails
 + Level 4.7 Armour
 + Level 4.7 Shields


You had 5 spell levels left.
You didn't know any spells.
Your spell library contained the following spells:

 Spells                   Type           Power      Damage    Failure   Level
 Olgreb's Toxic Radiance  Pois           0%         N/A       100%        4
 Discord                  Hex            0%         N/A       100%        8
 Ignition                 Fire           0%         3d3       100%        8


Dungeon Overview and Level Annotations

Branches:
Dungeon (4/15)
 Temple: D:4-7

Altars:
Yredelemnul


Innate Abilities, Weirdness & Mutations

You are immune to sickness and miasma.
Your stone body is resilient. (AC +4)
You are immune to poison.
You resist negative energy. (rN+)
You are resistant to electric shocks. (rElec)
You are resistant to unholy torment.
You are immune to petrification.


Message History

You are too injured to fight recklessly!
You are too injured to fight recklessly!
You are too injured to fight recklessly!
You are too injured to fight recklessly!
You are too injured to fight recklessly!
You are too injured to fight recklessly!
You are too injured to fight recklessly!
You are too injured to fight recklessly!
You are too injured to fight recklessly!
You are too injured to fight recklessly!
You are too injured to fight recklessly!
You are too injured to fight recklessly!
You are too injured to fight recklessly!
You are too injured to fight recklessly!
You are too injured to fight recklessly!
You closely miss the scorpion.
The scorpion is severely wounded.
The scorpion stings you but does no damage.
The endoplasm hits you but does no damage.
You hit the scorpion but do no damage.
The scorpion is severely wounded.
The scorpion stings you. The endoplasm freezes you.
You are frozen.
* * * LOW HITPOINT WARNING * * *
The scorpion stings you but does no damage.
You barely miss the scorpion.
The scorpion is severely wounded.
The endoplasm freezes you.
You are frozen.
* * * LOW HITPOINT WARNING * * *
The scorpion stings you.
* * * LOW HITPOINT WARNING * * *
You closely miss the scorpion.
The scorpion is severely wounded.
The endoplasm freezes you.
You are frozen.
* * * LOW HITPOINT WARNING * * *
The scorpion stings you.
You die...

*,,* *,,,,,,,,,,,,,*,**,*,*,*****
,,,***,**,...,,,,*,*,**,*,*,*,,,*
,,,,,,,,+,....,,,*,*.#*,*,*,,,,,*
**,******,....,,,*,*.#*,*,*<,,,,*
*,*,,,,,,,....,,,,*.#*,*,**#####
*,*,*******#..#####.#*,,,,,.....
*,*,* *........#***,*,.....
*,*,****#######J...#####.#,#####
*,,,,,,,....$.s@.........#,#....
****,****##########.######*,#.###
,,,*,,,****** #..# *,#.##<
**,*,,,,,,,,########'#####*,#.###
*,**,,,,,,,#............#*,#.#..
*,,+,,,,,,,#............##.#.#.#
****,,,,,,,#.........†..##.#....
*,,,,,,,#............##.###.#
*,,,,,,,#............##.# #.#


You could see a scorpion and an endoplasm.

Vanquished Creatures
  Sigmund (D:3)
  A scorpion (D:3)
  A hound (D:3)
  A worm (D:4)
  4 dart slugs
  2 ball pythons
  3 endoplasms
  4 giant cockroaches
  6 hobgoblins
  5 jackals
  4 bats
  3 frilled lizards
  6 goblins
  6 kobolds
  3 rats (D:3)
50 creatures vanquished.

Notes
Turn   | Place    | Note
-------+----------+-------------------------------------------
     0 | D:1      | Dittersdorf the Gargoyle Fighter began the quest for the
                  | Orb.
     0 | D:1      | Reached XP level 1. HP: 14/14 MP: 1/1
   305 | D:1      | Reached XP level 2. HP: 19/19 MP: 2/2
   606 | D:1      | Found a faded altar of an unknown god.
   986 | D:2      | Found a basalt altar of Yredelemnul.
   993 | D:2      | Reached XP level 3. HP: 23/23 MP: 3/3
  1974 | D:3      | Reached XP level 4. HP: 21/29 MP: 4/4
  1975 | D:3      | Noticed a scorpion
  1992 | D:3      | Killed a scorpion
  1993 | D:3      | Reached XP level 5. HP: 6/33 MP: 5/5
  2314 | D:3      | Noticed Sigmund
  2323 | D:3      | Killed Sigmund
  2324 | D:3      | Reached XP level 6. HP: 30/39 MP: 6/6
  2753 | D:4      | Slain by a scorpion

Illustrated notes

Levels and vault maps discovered:
D:1:      heliophobic_arrival_ceremonial_halls, layout_basic,
          hellmonk_ecumenical_altar_heavens_door, supply_closet_lemuel,
          nicolae_concentric_dashed_squares_mild, minmay_misc_feat_encased
D:2:      layout_basic, basic_altar, hangedman_glass_teeth,
          kennysheep_decorative_pillar
D:3:      layout_basic, minmay_goblin_outpost, uniq_sigmund
D:4:      layout_basic, kennysheep_windowed_goal

Skill      XL: |  1  2  3  4 |
---------------+-------------+-----
Fighting       | 4 |  4.7
Maces & Flails | 3 |  3.6
Armour         | 4 |  4.7
Shields        | 4 |  4.7

Action                     |  1- 3 |  4- 6 || total
---------------------------+-------+-------++-------
  Melee: Flail             |   102 |    90 ||   192
    Use: Potion            |       |     1 ||     1
         Scroll            |       |     3 ||     3
 Armour: Scale mail        |    47 |    50 ||    97
  Dodge: Dodged            |    43 |    48 ||    91
  Block: Buckler           |    25 |    26 ||    51

Table legend: (Time is in decaauts)
 A = Elapsed time spent in this place.
 B = Non-inter-level travel time spent in this place.
 C = Inter-level travel time spent in this place.
 D = Time resting spent in this place.
 E = Time spent auto-exploring this place.
 F = Levels seen in this place.
 G = Mean time per level.
                   A        B        C        D        E       F      G
               +--------+--------+--------+--------+--------+-----+--------+
         Total |   2808 |   2605 |    203 |    134 |   1968 |   4 |  702.0 |
       Dungeon |   2808 |   2605 |    203 |    134 |   1968 |   4 |  702.0 |
               +--------+--------+--------+--------+--------+-----+--------+

Top non-repeatable levels by time:
     D:2: 1029 daAuts
     D:1: 870 daAuts
     D:3: 782 daAuts
     D:4: 125 daAuts
